[Event "103rd Marshall Chess Club-ch 2019"]
[Site "New York"]
[Date "2019.11.15"]
[Round "3"]
[White "Barbosa, Oliver"]
[Black "Niemann, Hans Moke"]
[Result "0-1"]
[ECO "A09"]
[WhiteElo "2532"]
[BlackElo "2436"]
[Annotator "ChessBase"]
[PlyCount "82"]
[EventDate "2019.11.14"]
[EventType "tourn"]
[EventCountry "USA"]
[SourceTitle "playchess.com"]
[Source "ChessBase"]
[SourceQuality "1"]
[TimeControl "40/5400+30:900+30"]

1. Nf3 d5 2. c4 d4 3. g3 Nc6 4. Bg2 e5 5. d3 Bb4+ 6. Bd2 a5 7. O-O Nf6 8. Bg5 Be7 9. Bxf6 Bxf6 10. Nbd2 O-O 11. a3 Be7 12. Ne1 Nb8 13. Nc2 a4 14. b4 axb3 15. Nxb3 c6 16. e3 dxe3 17. fxe3 Be6 18. Qe2 Nd7 19. Rfb1 Qc7 20. Kh1 Ra4 21. Nd2 Rfa8 22. Rb2 R4a7 23. Rab1 Rb8 24. Ra1 Nb6 25. Rb3 Na4 26. d4 b5 27. Nb4 bxc4 28. Nxc4 Nb6 29. d5 Nxd5 30. Rd1 Bxb4 31. Qb2 Nc3 32. Rxc3 Bxc3 33. Qxc3 Bxc4 34. Qxc4 Rxa3 35. Bxc6 Rc8 36. Qe4 g6 37. Bd5 Kg7 38. Qf3 Rc3 39. Rf1 f5 40. g4 f4 41. g5 Rc1 0-1

[Event "103rd Marshall Chess Club-ch 2019"]
[Site "New York"]
[Date "2019.11.15"]
[Round "4"]
[White "Paragua, Mark"]
[Black "Korley, Kassa"]
[Result "1-0"]
[ECO "A13"]
[WhiteElo "2496"]
[BlackElo "2447"]
[Annotator "ChessBase"]
[PlyCount "75"]
[EventDate "2019.11.14"]
[EventType "tourn"]
[EventCountry "USA"]
[SourceTitle "playchess.com"]
[Source "ChessBase"]
[SourceQuality "1"]
[TimeControl "40/5400+30:900+30"]

1. Nf3 d5 2. c4 e6 3. g3 dxc4 4. Qa4+ Nd7 5. Bg2 a6 6. Qxc4 b5 7. Qc2 Bb7 8. O-O Ngf6 9. d3 c5 10. Nc3 Rc8 11. a4 Qb6 12. axb5 axb5 13. e4 Be7 14. h3 Bc6 15. Be3 Qb7 16. Nd2 O-O 17. Nb3 Qb8 18. Na5 Ba8 19. Qb3 c4 20. dxc4 b4 21. Nb5 Bxe4 22. Na7 Nc5 23. Bxc5 Bxc5 24. Nxc8 Rxc8 25. Kh2 h5 26. Rfe1 Bxf2 27. Rxe4 Nxe4 28. Bxe4 Qe5 29. Bg2 h4 30. Nc6 Bxg3+ 31. Kh1 Qc5 32. Qf3 Bc7 33. Rd1 Bd6 34. b3 g6 35. Qe4 Rc7 36. Nd4 Qh5 37. Bf3 Qg5 38. Nb5 1-0

[Event "103rd Marshall Chess Club-ch 2019"]
[Site "New York"]
[Date "2019.11.16"]
[Round "5"]
[White "Steingrimsson, Hedinn"]
[Black "Sturt, Raven"]
[Result "1-0"]
[ECO "A81"]
[WhiteElo "2549"]
[BlackElo "2466"]
[Annotator "ChessBase"]
[PlyCount "47"]
[EventDate "2019.11.14"]
[EventType "tourn"]
[EventCountry "USA"]
[SourceTitle "playchess.com"]
[Source "ChessBase"]
[SourceQuality "1"]
[TimeControl "40/5400+30:900+30"]

1. d4 f5 2. Nf3 Nf6 3. g3 g6 4. Bg2 Bg7 5. b3 O-O 6. O-O b6 7. Ne5 c6 8. Nd2 Qe8 9. Bb2 d6 10. Nd3 Na6 11. Re1 Nc7 12. c4 Ne6 13. e4 fxe4 14. Nxe4 Nxe4 15. Rxe4 Ng5 16. Re3 Nh3+ 17. Bxh3 Bxh3 18. g4 c5 19. d5 Bxb2 20. Nxb2 Qf7 21. Nd3 Bxg4 22. Qxg4 Kh8 23. Rae1 Rae8 24. Qg5 1-0

[Event "103rd Marshall Chess Club-ch 2019"]
[Site "New York"]
[Date "2019.11.16"]
[Round "5"]
[White "Barbosa, Oliver"]
[Black "Khamrakulov, Djurabek"]
[Result "1/2-1/2"]
[ECO "D27"]
[WhiteElo "2532"]
[BlackElo "2517"]
[Annotator "ChessBase"]
[PlyCount "62"]
[EventDate "2019.11.14"]
[EventType "tourn"]
[EventCountry "USA"]
[SourceTitle "playchess.com"]
[Source "ChessBase"]
[SourceQuality "1"]
[TimeControl "40/5400+30:900+30"]

1. d4 d5 2. c4 dxc4 3. e3 Nf6 4. Bxc4 e6 5. Nf3 a6 6. O-O c5 7. dxc5 Bxc5 8. Qxd8+ Kxd8 9. b3 Ke7 10. Bb2 Nbd7 11. Nbd2 b6 12. Rfd1 Bb7 13. Rac1 Rac8 14. Kf1 Bd6 15. Be2 b5 16. a4 bxa4 17. bxa4 Bb4 18. a5 Rxc1 19. Rxc1 Rc8 20. Rxc8 Bxc8 21. Nc4 Bb7 22. Nd4 Ne4 23. Nc2 Nd2+ 24. Nxd2 Bxd2 25. Ba3+ Kd8 26. Nb4 Ne5 27. Nxa6 Bxa5 28. Nc5 Bc8 29. Ne4 f5 30. Nd6 Bc7 31. Nxc8 Kxc8 1/2-1/2

[Event "103rd Marshall Chess Club-ch 2019"]
[Site "New York"]
[Date "2019.11.16"]
[Round "5"]
[White "Korley, Kassa"]
[Black "Niemann, Hans Moke"]
[Result "1/2-1/2"]
[ECO "E20"]
[WhiteElo "2447"]
[BlackElo "2436"]
[Annotator "ChessBase"]
[PlyCount "79"]
[EventDate "2019.11.14"]
[EventType "tourn"]
[EventCountry "USA"]
[SourceTitle "playchess.com"]
[Source "ChessBase"]
[SourceQuality "1"]
[TimeControl "40/5400+30:900+30"]

1. d4 Nf6 2. c4 e6 3. Nc3 Bb4 4. g3 d5 5. Bg2 O-O 6. a3 Bxc3+ 7. bxc3 c5 8. cxd5 exd5 9. e3 Bf5 10. Ne2 Nc6 11. O-O c4 12. f3 h5 13. e4 dxe4 14. fxe4 Bxe4 15. Bg5 Bd3 16. Bxf6 gxf6 17. Rf2 Qa5 18. Qd2 Qg5 19. Nf4 Bh7 20. h4 Qh6 21. Raf1 Rad8 22. Qe2 Rfe8 23. Qxc4 Ne7 24. Nd5 Nxd5 25. Bxd5 Qg7 26. Bxb7 Rb8 27. Qc7 Kh8 28. Kh2 Bd3 29. Re1 f5 30. Re7 Rxe7 31. Qxb8+ Kh7 32. Bf3 Qh6 33. Qf4 Qxf4 34. gxf4 Rc7 35. Bxh5 Rxc3 36. Bxf7 Kg7 37. Be6 Kf6 38. Bg8 Be4 39. h5 Rc1 40. Kh3 1/2-1/2